 Dungeon Sprint DCSS version 0.28.0-45-g0d030f2227 (webtiles) character file.

Game seed: 17536970926689055518

1657 NinjaNoafa the Fighter (level 8, 0/132 HPs)
             Began as a Troll Earth Elementalist on Apr 11, 2022.
             Was a High Priest of Wu Jian.
             Shot with an arrow by a centaur warrior (21 damage)
             ... in the Dungeon (Sprint V: "Ziggurat Sprint").
             The game lasted 00:06:07 (323 turns).

NinjaNoafa the Fighter (Troll Earth Elementalist)    Turns: 323, Time: 00:06:07

Health: 0/132      AC: 24    Str: 25    XL:     8   Next: 68%
Magic:  13/13      EV:  6    Int: 11    God:    Wu Jian [*****.]
Gold:   0          SH:  9    Dex: 16    Spells: 14/15 levels left

rFire   + + .      SeeInvis +   l - +14 obsidian axe {vorpal, Mesm Drain Fly SInv}
rCold   + + .      Faith    .   T - +2 shield of Resistance {rF++ rC++ Will++}
rNeg    + . .      Spirit   .   H - +5 shadow dragon scales
rPois   +          Reflect  .   (helmet restricted)
rElec   .          Harm     .   U - +2 cloak {rPois}
rCorr   .          Rampage  .   (gloves unavailable)
Will    ++...      NoTele   +   (boots unavailable)
Stlth   ..........              N - amulet of Xoil {RegenMP +Inv rN+ Dex+6}
HPRegen 1.12/turn               P - +4 ring of protection
MPRegen 0.53/turn               z - +6 ring of strength

@: berserking, flying, mesmerised, invisible, very quick
A: large, unfitting armour, claws 3, regeneration 1, shaggy fur 1, tough skin 1
a: Renounce Religion, Evoke Invisibility, Wall Jump, Serpent's Lash, Heavenly
Storm


You were in the Dungeon.
You worshipped Wu Jian.
Wu Jian was extremely pleased with you.
You visited 1 branch

Inventory:

Hand Weapons
 k - a +5 executioner's axe of freezing
 l - the +14 obsidian axe (weapon) {vorpal, Mesm Drain Fly SInv}
   (You found it in the Dungeon)

   It inflicts extra damage upon your enemies.
   It occasionally summons demons to assist the wielder when it strikes in
   combat.
   Its wielder is mesmerised by any visible foes.
   It cannot be unequipped while any foes are visible.
   SInv:      It lets you see invisible.
   Fly:       It grants you flight.
   Drain:     It drains your maximum health when unequipped.
 L - the +9 scimitar "Beowauhy" {drain, *Slow rElec Will+}
   (You found it in the Dungeon)

   A truly terrible weapon, it drains the life of any living foe it strikes.
   rElec:     It insulates you from electricity.
   *Slow:     It may slow you when you take damage.
   Will:      It increases your willpower.
Missiles
 i - 30 stones
Armour
 a - a +3 kite shield
 b - a +0 robe
 j - a +3 tower shield
 H - +5 shadow dragon scales (worn)
 I - +5 storm dragon scales
 T - the +2 shield of Resistance (worn) {rF++ rC++ Will++}
   (You found it in the Dungeon)

   rF:        It greatly protects you from fire.
   rC:        It greatly protects you from cold.
   Will:      It greatly increases your willpower.
 U - a +2 cloak of poison resistance (worn)
Magical Staves
 R - a staff of fire
Jewellery
 u - a ring of flight
 v - a +6 ring of dexterity
 w - a +6 ring of dexterity
 x - a +6 ring of intelligence
 y - a +6 ring of intelligence
 z - a +6 ring of strength (right claw)
 A - a +6 ring of strength
 N - the amulet of Xoil (around neck) {RegenMP +Inv rN+ Dex+6}
   (You found it in the Dungeon)

   [amulet of magic regeneration]

   It increases your rate of magic regeneration.
   Dex:       It affects your dexterity (+6).
   rN:        It protects you from negative energy.
   +Inv:      It lets you turn invisible.
 O - the amulet of Sif Muna's Vengeance {Regen+ Str+4}
   (You found it in the Dungeon)

   [amulet of regeneration]

   Str:       It affects your strength (+4).
   Regen:     It increases your rate of health regeneration.
 P - a +4 ring of protection (left claw)
Wands
 r - a wand of mindburst (7)
 s - a wand of iceblast (7)
 t - a wand of acid (7)
Scrolls
 h - 4 scrolls of blinking
 m - 4 scrolls of amnesia
 n - 7 scrolls of fog
 p - 5 scrolls of identify
 q - a scroll of fear
Potions
 c - 10 potions of curing
 d - 4 potions of heal wounds
 e - 6 potions of haste
 f - 7 potions of magic
 g - 2 potions of berserk rage
 C - 2 potions of brilliance
 D - a potion of invisibility
 E - 4 potions of resistance
 G - 5 potions of might
Miscellaneous
 B - a lightning rod (4/4)
 F - a phial of floods
 K - a phantom mirror
 M - a phial of floods
 Q - a piece from Xom's chessboard (15/15)
 S - a phantom mirror


   Skills:
 + Level 8.2 Fighting
 + Level 8.2 Axes
 - Level 5.1 Dodging
 - Level 3.8 Stealth
 - Level 4.2 Spellcasting
 - Level 4.9 Transmutations
 - Level 6.5 Earth Magic


You had 14 spell levels left.
You knew the following spells:

 Your Spells              Type           Power      Damage    Failure   Level
a - Sandblast             Erth           32%        2d9       34%         1

Your spell library contained the following spells:

 Spells                   Type           Power      Damage    Failure   Level
 Passwall                 Tmut/Erth      12%        N/A       56%         2
 Stone Arrow              Conj/Erth      18%        3d8       98%         3
 Petrify                  Tmut/Erth      15%        N/A       99%         4


Dungeon Overview and Level Annotations

Branches:
Dungeon (1/1)

Altars:
Ashenzari
Cheibriados
Dithmenos
Elyvilon
Fedhas
Gozag
Hepliaklqana
Kikubaaqudgha
Makhleb
Nemelex Xobeh
Okawaru
Qazlal
Ru
Sif Muna
Trog
Uskayaw
Vehumet
Wu Jian
Xom
Yredelemnul
Zin
The Shining One
Beogh
Jiyva
Lugonu

Annotations:
D 1 transporter


Innate Abilities, Weirdness & Mutations

You are too large for most types of armour.
You have claws for hands.
Your natural rate of healing is unusually fast.
You are covered in fur. (AC +1)
You have tough skin. (AC +1)


Message History

You slice the sphinx!!
The sphinx is heavily wounded.
You slash the vault warden! You hit the vault guard.
Visions of slaying the vault guard flood into your mind.
The vault sentinel blows a loud note on a signal horn!
The centaur warrior shoots an arrow.
The arrow hits the vault guard!
The vault guard hits you with a +0 war axe.
You slash the sphinx!
The sphinx is severely wounded.
You slash the vault guard! You closely miss the vault warden.
Visions of slaying the sphinx flood into your mind.
The sphinx hits you. You block the sphinx's attack.
The sphinx hits you but does no damage.
The vault warden hits you with a +1 battleaxe!
The centaur warrior shoots an arrow.
The arrow hits the vault guard.
The vault sentinel shoots a bolt.
The bolt hits you but does no damage.
You cannot move away from the sphinx!
You slash the sphinx!
The sphinx is almost dead.
You closely miss the vault guard. You slash the vault warden!
The centaur warrior shoots an arrow.
The arrow barely misses the vault guard.
The arrow hits you!
* * * LOW HITPOINT WARNING * * *
The sphinx hits you but does no damage. You block the sphinx's attack.
The sphinx hits you but does no damage. You block the vault guard's attack.
The vault warden hits you with a +1 battleaxe!
* * * LOW HITPOINT WARNING * * *
The vault sentinel shoots a bolt.
The bolt hits you.
* * * LOW HITPOINT WARNING * * *
You slice the sphinx!!
You are no longer entranced.
You kill the sphinx!
The Council accepts your kill.
You closely miss the vault warden. You slash the vault guard!
You kill the vault guard!
The Council accepts your kill.
Visions of slaying the vault warden flood into your mind.
The centaur warrior shoots an arrow.
The arrow hits you!!
You die...

▓...©....▓...©....▓
▓▓▓▓▓▓▓▓▓▓▓▓▓▓▓▓▓▓▓
▓..8©8..▓ ▓..?}:..▓
▓..=)|..▓ ▓..c....▓
▓....p..▓ ▓...)...▓
▓...)@p.▓ ▓.▓...▓.▓
▓...©...▓ ▓▓▓▓▓▓▓▓▓


You could see a vault warden (mesmerising), a centaur warrior and a vault
sentinel (catching breath).

Vanquished Creatures
  A sphinx (D)
  A vault guard (D)
  A wizard (D)
  A yaktaur (D)
  A water moccasin (D)
  A centaur (D)
  3 scorpions (D)
  A crimson imp (D)
  2 quasits (D)
  A white imp (D)
  A ball python (D)
  A ball python skeleton (D)
15 creatures vanquished.

Vanquished Creatures (collateral kills)
  A tarantella (D)
  A naga (D)
  A water moccasin (D)
  A scorpion (D)
  A shadow imp (D)
  A bat zombie (D)
6 creatures vanquished.

Grand Total: 21 creatures vanquished

Notes
Turn   | Place    | Note
-------+----------+-------------------------------------------
     0 | D        | NinjaNoafa the Troll Earth Elementalist began the quest for
                  | the Orb.
     0 | D        | Reached XP level 1. HP: 16/16 MP: 1/1
     0 | D        | Found a blossoming altar of Fedhas.
     0 | D        | Found the +6 Majin-Bo {vamp, MP+6 Int+6}
     0 | D        | Found the +9 heavy crossbow "Sniper" {vorpal, Acc+∞ SInv}
     0 | D        | Found the +10 dark maul {vorpal}
     0 | D        | Found the +15 Maxwell's patent armour {-Cast -Tele rElec
                  | Will+ rCorr}
     0 | D        | Found the +18 shield of the Gong {rElec rN+ Will+ EV-5}
     0 | D        | Found the +14 obsidian axe {vorpal, Mesm Drain Fly SInv}
     0 | D        | Found the +7 great mace "Firestarter" {inner flame, rF++}
     0 | D        | Found the +6 shillelagh "Devastator" {shatter}
     0 | D        | Found the +11 plutonium sword {Contam Stlth-}
     0 | D        | Found the +8 lance "Wyrmbane" {slay drac, rPois rF+ rC+
                  | AC+3}
     0 | D        | Found the +9 sword of Zonguldrok {reap}
     0 | D        | Found the +13 scythe of Curses {drain, Drain}
     0 | D        | Found the +5 sword of Power {vorpal}
     0 | D        | Found the +7 mace of Variability {chain chaos}
     0 | D        | Found the +7 Singing Sword {vorpal, sonic wave}
     0 | D        | Found the +8 storm bow {elec, penet}
     9 | D        | Found a viscous altar of Jiyva.
     9 | D        | Found a hazy altar of Hepliaklqana.
     9 | D        | Found a transporter.
     9 | D        | Found an opulent altar of Gozag.
     9 | D        | Found an ancient bone altar of Kikubaaqudgha.
     9 | D        | Found a corrupted altar of Lugonu.
    19 | D        | Found a burning altar of Makhleb.
    20 | D        | Found an iron altar of Okawaru.
    20 | D        | Found a sparkling altar of Nemelex Xobeh.
    20 | D        | Found a stormy altar of Qazlal.
    20 | D        | Found a sacrificial altar of Ru.
    20 | D        | Found a shimmering blue altar of Sif Muna.
    30 | D        | Found a bloodstained altar of Trog.
    44 | D        | Became a worshipper of the Wu Jian Council
    81 | D        | Reached XP level 2. HP: 24/24 MP: 1/4
   131 | D        | Entered arena 2.
   131 | D        | Noticed a yaktaur
   131 | D        | Noticed a centaur
   131 | D        | Found a transporter.
   136 | D        | Killed a centaur
   137 | D        | Reached skill level 5 in Earth Magic
   137 | D        | Reached XP level 3. HP: 26/31 MP: 4/6
   137 | D        | Reached XP level 4. HP: 33/39 MP: 4/7
   142 | D        | Killed a yaktaur
   143 | D        | Reached skill level 5 in Dodging
   143 | D        | Reached XP level 5. HP: 45/45 MP: 5/10
   143 | D        | Reached XP level 6. HP: 53/53 MP: 5/11
   203 | D        | Entered arena 3.
   203 | D        | Found a transporter.
   206 | D        | Reached * piety under Wu Jian
   207 | D        | Reached skill level 1 in Fighting
   207 | D        | Reached skill level 1 in Axes
   212 | D        | Got the +9 scimitar "Beowauhy" {drain, *Slow rElec Will+}
   218 | D        | Entered arena 4.
   218 | D        | Noticed a water moccasin
   218 | D        | Noticed a water moccasin
   218 | D        | Noticed a naga
   218 | D        | Found a transporter.
   223 | D        | Killed a water moccasin
   223 | D        | Reached ** piety under Wu Jian
   224 | D        | Reached XP level 7. HP: 58/67 MP: 12/12
   228 | D        | Reached skill level 5 in Fighting
   228 | D        | Reached skill level 5 in Axes
   237 | D        | Got the amulet of Xoil {RegenMP +Inv rN+ Dex+6}
   244 | D        | Entered arena 5.
   244 | D        | Found a transporter.
   248 | D        | Reached *** piety under Wu Jian
   254 | D        | Got the amulet of Sif Muna's Vengeance {Regen+ Str+4}
   266 | D        | Entered arena 6.
   266 | D        | Found the +2 shield of Resistance {rF++ rC++ Will++}
   266 | D        | Noticed a tarantella
   266 | D        | Found a transporter.
   268 | D        | Reached **** piety under Wu Jian
   269 | D        | Killed a tarantella
   270 | D        | Reached XP level 8. HP: 84/84 MP: 13/13
   298 | D        | Entered arena 7.
   298 | D        | Noticed a wizard
   298 | D        | Noticed a sphinx
   298 | D        | Noticed a vault warden
   298 | D        | Noticed a vault guard
   298 | D        | Noticed a centaur warrior
   298 | D        | Noticed a vault sentinel
   300 | D        | Found a transporter.
   305 | D        | Noticed a sun demon
   310 | D        | Killed a wizard
   310 | D        | Reached ***** piety under Wu Jian
   323 | D        | Killed a sphinx
   323 | D        | Killed a vault guard
   323 | D        | Shot with an arrow by a centaur warrior

Illustrated notes

Levels and vault maps discovered:
D:        sprint_v [room_start, room_1, room_2, room_3, room_4, room_5, room_6,
          room_7, room_8, room_9, room_10, room_11, room_12, room_13, room_14,
          room_15, room_16, room_17, room_18, room_19, room_20, room_21,
          room_22, room_23, room_24, room_25, room_26, room_27]

Skill      XL: |  1  2  3  4  5  6  7  8 |
---------------+-------------------------+-----
Dodging        | 2 3 5 |  5.1
Spellcasting   | 2 3 4 |  4.2
Transmutations | 2 3 4 |  4.9
Earth Magic    | 4 5 6 |  6.5
Stealth        | 2 3 |  3.8
Fighting       | 3 6 8 |  8.2
Axes           | 3 6 8 |  8.2

Action                   |  1- 3 |  4- 6 |  7- 9 || total
-------------------------+-------+-------+-------++-------
Melee: Broad axe         |     3 |     9 |    25 ||    37
Invok: Lunge             |     1 |     1 |     1 ||     3
       Whirlwind         |       |       |     1 ||     1
Evoke: Lightning rod     |       |     1 |       ||     1
       Phial of floods   |       |     1 |       ||     1
       Phantom mirror    |       |     1 |       ||     1
  Use: Potion            |     3 |       |     6 ||     9
       Scroll            |       |       |     3 ||     3
Armor: Shadow dragon sca |     7 |     6 |    48 ||    61
Dodge: Dodged            |       |     1 |     8 ||     9
Block: Tower shield      |     6 |     8 |    15 ||    29
       Kite shield       |       |       |    23 ||    23
